 Dungeon Crawl Stone Soup version 0.21-a0-372-gd0ff781 (webtiles) character file.

332 Kavrick the Magician (level 6, -3/32 HPs)
             Began as a Deep Elf Fire Elementalist on Oct 17, 2017.
             Shot with an arrow by a centaur (13 damage)
             ... on level 6 of the Dungeon.
             The game lasted 00:06:03 (3531 turns).

Kavrick the Magician (Deep Elf Fire Elementalist)   Turns: 3531, Time: 00:06:03

Health: -3/32      AC:  5    Str:  5    XL:     6   Next: 26%
Magic:  7/16       EV: 13    Int: 22    God:
Gold:   198        SH:  0    Dex: 15    Spells: 15/16 levels left

rFire    . . .     SeeInvis .   u - -3 dagger (curse)
rCold    . . .     Gourm    .   (no shield)
rNeg     . . .     Faith    .   a - +0 robe
rPois    .         Spirit   .   q - +2 helmet
rElec    .         Reflect  .   (no cloak)
rCorr    .         Harm     .   (no gloves)
MR       .....                  (no boots)
Stlth    ++........             (no amulet)
HPRegen  0.10/turn              (no ring)
MPRegen  0.15/turn              (no ring)

@: no status effects
A: no striking features
a: no special abilities


You were on level 6 of the Dungeon.
You were not hungry.

You visited 1 branch of the dungeon, and saw 5 of its levels.

You collected 198 gold pieces.

Inventory:

Hand Weapons
 u - a cursed -3 dagger (weapon)
Armour
 a - a +0 robe (worn)
 l - a +0 helmet
 q - a +2 helmet (worn)
Jewellery
 t - a +3 ring of strength {unknown}
Wands
 v - a wand of confusion (25/48)
Scrolls
 e - 4 scrolls of identify {unknown}
 g - a scroll of recharging {unknown}
 i - a scroll of magic mapping {unknown}
 j - 2 scrolls of amnesia {unknown}
 n - a scroll of noise {unknown}
 p - 2 scrolls of enchant weapon {unknown}
 s - a scroll of fear {unknown}
 w - a scroll of blinking {unknown}
 y - a scroll of remove curse {unknown}
 B - a scroll of teleportation {unknown}
Potions
 f - 2 potions of curing {unknown}
 h - a potion of brilliance {unknown}
 k - a potion of agility {unknown}
 m - a potion of might {unknown}
 o - 2 potions of flight {unknown}
 z - a potion of ambrosia {unknown}
 A - a potion of mutation {unknown}
 C - a potion of haste {unknown}
Books
 b - a book of Flames

   Spells                             Type                      Level
   a - Flame Tongue                   Conjuration/Fire             1
   b - Throw Flame                    Conjuration/Fire             2
   c - Conjure Flame                  Conjuration/Fire             3
   d - Inner Flame                    Hexes/Fire                   3
   e - Sticky Flame                   Conjuration/Fire             4
   f - Fireball                       Conjuration/Fire             5
 x - a book of Minor Magic

   Spells                             Type                      Level
   a - Magic Dart                     Conjuration                  1
   b - Blink                          Translocation                2
   c - Call Imp                       Summoning                    2
   d - Slow                           Hexes                        2
   e - Conjure Flame                  Conjuration/Fire             3
   f - Mephitic Cloud                 Conjuration/Poison/Air       3
Comestibles
 c - 6 bread rations
 d - 2 meat rations
 r - a chunk of flesh


   Skills:
 - Level 2.7 Dodging
 - Level 2.8 Stealth
 + Level 5.5 Spellcasting
 + Level 3.9 Conjurations
 + Level 5.1 Fire Magic


You had 15 spell levels left.
You knew the following spells:

 Your Spells              Type           Power        Failure   Level  Hunger
a - Flame Tongue          Conj/Fire      ####.        1%          1    None


Dungeon Overview and Level Annotations

Branches:
Dungeon (4/15)
 Temple: D:4-7

Altars:


Message History

Press: ? - help, Shift-Dir - straight line, f/p - centaur
Aim: a centaur, wielding a shortbow (moderately wounded)
The flame tongue misses the centaur.
Casting: Flame Tongue
Confirm with . or Enter, or press ? or * to list all spells.
Aiming: Flame Tongue
Press: ? - help, Shift-Dir - straight line, f/p - centaur
Aim: a centaur, wielding a shortbow (moderately wounded)
The flame tongue hits the centaur.
The centaur is moderately wounded.
The centaur shoots an arrow.
The arrow hits you!
* * * LOW HITPOINT WARNING * * *
Casting: Flame Tongue
Confirm with . or Enter, or press ? or * to list all spells.
Aiming: Flame Tongue
Press: ? - help, Shift-Dir - straight line, f/p - centaur
Aim: a centaur, wielding a shortbow (moderately wounded)
The flame tongue misses the centaur.
The centaur shoots an arrow.
The arrow hits you!
You die...

....#.###.#.........#
..........#.........#
..........#.........#
..........#.........#
..........#....)....#
...)......#.........#
.......>..#.........#
......(..c'.........#
..###(?@###c........#
###+# ###########


You could see a centaur.

Vanquished Creatures
  A sky beast (D:6)
  A howler monkey (D:4)
  2 worker ants (D:4)
  8 adders
  3 worms
  4 dart slugs
  3 leopard geckos
  An orc (D:3)
  2 giant cockroaches (D:3)
  6 goblins
  7 hobgoblins
  2 quokkas
  A ball python (D:3)
  7 bats
  6 frilled lizards
  9 kobolds
  6 rats
69 creatures vanquished.

Notes
Turn   | Place    | Note
-------+----------+-------------------------------------------
     0 | D:1      | Kavrick the Deep Elf Fire Elementalist began the quest for the Orb.
     0 | D:1      | Reached XP level 1. HP: 10/10 MP: 6/6
   180 | D:1      | Reached XP level 2. HP: 6/15 MP: 4/8
   782 | D:2      | Reached XP level 3. HP: 13/19 MP: 2/10
  2285 | D:3      | Reached XP level 4. HP: 24/24 MP: 7/12
  3060 | D:4      | Reached XP level 5. HP: 28/28 MP: 9/13
  3333 | D:4      | Reached skill level 5 in Spellcasting
  3475 | D:4      | You fall through a shaft for 2 floors!
  3475 | D:6      | Noticed a sky beast
  3496 | D:6      | Killed a sky beast
  3496 | D:6      | Reached skill level 5 in Fire Magic
  3496 | D:6      | Reached XP level 6. HP: 18/32 MP: 6/16
  3531 | D:6      | Shot with an arrow by a centaur

Vault maps used:
D:1:      evilmike_arrival_home_sweet_home
D:2:      lemuel_upstairs_altar, first_bread
D:4:      hangedman_abyss_or_decor_stagger
D:6:      grunt_decor_resistance, hangedman_minor_gate_pass

Skill      XL: |  1  2  3  4  5 |
---------------+----------------+-----
Conjurations   | 2 3 |  3.9
Fire Magic     | 4 5 |  5.1
Spellcasting   | 4 5 |  5.5
Dodging        | |  2.7
Stealth        | |  2.8

Action                   |  1- 3 |  4- 6 || total
-------------------------+-------+-------++-------
Melee: Unarmed           |     4 |       ||     4
 Cast: Flame Tongue      |    80 |    74 ||   154
  Eat: Chunk             |     4 |     4 ||     8
Armor: Robe              |     6 |     3 ||     9
Dodge: Dodged            |    19 |    20 ||    39

Table legend:
 A = Spawn XP
 B = Non-spawn XP
 C = Spawn XP percentage of total XP
 D = Spawn monster count
 E = Non-spawn monster count
 F = Spawn count percentage of total count
 G = Total turns spent on level
                    A         B        C        D         E        F      G
               +---------+---------+-------+---------+---------+-------+---------
         Total |       0 |     475 |   0.0 |       0 |      69 |   0.0 |  3531
               +---------+---------+-------+---------+---------+-------+---------
           D:1 |       0 |      27 |   0.0 |       0 |      16 |   0.0 |   755
           D:2 |       0 |      39 |   0.0 |       0 |      14 |   0.0 |  1073
           D:3 |       0 |     121 |   0.0 |       0 |      31 |   0.0 |  1228
           D:4 |       0 |     139 |   0.0 |       0 |       6 |   0.0 |   419
           D:6 |       0 |     149 |   0.0 |       0 |       2 |   0.0 |    56
               +---------+---------+-------+---------+---------+-------+---------
